 Dungeon Crawl Stone Soup version 0.29.1 (webtiles) character file.

Game seed: 18384215384751536431

687 qw the Cleaver (level 7, -5/91 HPs)
             Began as a Minotaur Berserker on Sept 13, 2022.
             Was a Priest of Trog.
             Slain by a hornet (8 damage)
             ... on level 5 of the Dungeon.
             The game lasted 00:01:28 (4890 turns).

qw the Cleaver (Minotaur Berserker)                 Turns: 4890, Time: 00:01:28

Health: -5/91      AC: 10    Str: 23    XL:     7   Next: 35%
Magic:  6/6        EV:  8    Int:  4    God:    Trog [***...]
Gold:   187        SH:  0    Dex: 10    Spells: 6/6 levels left

rFire   . . .      SeeInvis .   Y - +2 hand axe
rCold   . . .      Faith    .   (no shield)
rNeg    . . .      Spirit   .   a - +0 chain mail
rPois   .          Reflect  .   (helmet restricted)
rElec   .          Harm     .   (no cloak)
rCorr   .          Rampage  .   o - +0 pair of gloves
Will    +....                   (no boots)
Stlth   ..........              (no amulet)
HPRegen 0.25/turn               e - ring of willpower
MPRegen 0.10/turn               (no ring)

@: berserking, lethally poisoned (-5 -> -11), slowed
A: horns 2, retaliatory headbutt
a: Renounce Religion, Berserk, Trog's Hand


You were on level 5 of the Dungeon.
You worshipped Trog.
Trog was most pleased with you.
You visited 1 branch of the dungeon, and saw 5 of its levels.

You collected 187 gold pieces.


Innate Abilities, Weirdness & Mutations

You have a pair of horns on your head.
You reflexively headbutt those who attack you in melee.


   Skills:
 - Level 5.3 Fighting
 + Level 9.4 Axes
 - Level 3.1 Armour
 - Level 2.1 Dodging


You had 6 spell levels left.
You didn't know any spells.
Your spell library was empty.

Inventory:

Hand Weapons
 f - a +0 flail
 Y - a +2 hand axe (weapon)
Missiles
 m - a boomerang (quivered)
Armour
 a - a +0 chain mail (worn)
 o - a +0 pair of gloves (worn)
Jewellery
 e - a ring of willpower (left hand)
Scrolls
 b - 2 scrolls of teleportation
 c - a scroll of identify
 l - a scroll of silence {unknown}
Potions
 d - a potion of mutation
 g - a potion of cancellation {unknown}
 h - a potion of resistance {unknown}
 i - a potion of magic {unknown}
 j - a potion of brilliance {unknown}
 k - 2 potions of curing
 n - a potion of degeneration {unknown}

Dungeon Overview and Level Annotations

Branches:
Dungeon (5/15)             Temple (0/1) D:4

Altars:
Ashenzari


Message History

You feel yourself speed up. The hornet stings you.
You feel yourself slow down. The hornet misses you.
You hit the hornet.
The hornet is moderately wounded.
You feel yourself speed up.
The hornet stings you but does no damage.
You hit the hornet. You headbutt the hornet.
The hornet is moderately wounded.
The hornet stings you.
You are poisoned.
You feel yourself slow down. The hornet stings you!
You suddenly lose the ability to move!
You feel sick.
The hornet stings you but does no damage.
You feel yourself speed up.
You feel sick. The hornet stings you.
You are more poisoned.
You feel yourself slow down.
The hornet stings you but does no damage.
You feel yourself speed up.
You feel very sick. The hornet stings you.
You shrug off the repeated paralysis!
You can move again.
4887 ||| INVOKING Berserk.
A red film seems to cover your vision as you go berserk!
You feel yourself moving faster!
You feel mighty!
You feel very sick. The hornet barely misses you. You furiously retaliate!
You headbutt the hornet! The hornet stings you!
You feel yourself slow down.
You hit the hornet.
The hornet is severely wounded.
You feel sick. The hornet closely misses you.
You hit the hornet.
The hornet is severely wounded.
You feel yourself speed up.
You feel sick. The hornet stings you!
You feel yourself slow down.
You closely miss the hornet. Your headbutt misses the hornet.
The hornet is severely wounded.
You feel sick. The hornet barely misses you. The hornet stings you!
You die...

)....+ !.
#....#...
#....#.#
#......##
#........
#........
#y.......
#@.......
#######........
#..........####
#..........#
#..........#
####.##.....#
#....##.....#
#.#####.....#
#########.#
#.....#


You could see a hornet.

Vanquished Creatures
  Duvessa (D:4)
  A scorpion (D:5)
  A water moccasin zombie (D:4)
  Dowan (D:4)
  A water moccasin skeleton (D:4)
  A bullfrog zombie (D:4)
  An orc priest (D:5)
  A centaur zombie (D:4)
  An iguana (D:4)
  A scorpion zombie (D:4)
  2 orc wizards (D:5)
  2 hound skeletons (D:4)
  Robin (D:4)
  A howler monkey skeleton (D:4)
  3 adders
  3 adder skeletons (D:4)
  2 worms
  4 dart slugs
  7 orcs
  3 ball pythons
  2 bats
  4 endoplasms
  3 giant cockroaches
  13 hobgoblins
  2 jackals (D:5)
  2 quokkas (D:4)
  13 goblins
  5 kobolds
  8 rats
90 creatures vanquished.

Notes
Turn   | Place    | Note
-------+----------+-------------------------------------------
     0 | D:1      | qw the Minotaur Berserker began the quest for the Orb.
     0 | D:1      | Reached XP level 1. HP: 19/19 MP: 0/0
     0 | D:1      | 0 ||| qw: Version: 0.1-a-119-g272c26d
     0 | D:1      | 0 ||| qw: Game counter: 11211
     0 | D:1      | 0 ||| qw: Always use a shield: true
     0 | D:1      | 0 ||| qw: Do Orc after D:15 true
     0 | D:1      | 0 ||| qw: Do second Lair branch before Depths: true
     0 | D:1      | 0 ||| qw: Lair rune preference: random
     0 | D:1      | 0 ||| qw: Plans: Normal
     0 | D:1      | 0 ||| PLANNING D:1-11
    27 | D:1      | 27 ||| Stepping ~*~*~tactically~*~*~ (stealth).
    54 | D:1      | 54 ||| Stepping ~*~*~tactically~*~*~ (stealth).
    55 | D:1      | 55 ||| Stepping ~*~*~tactically~*~*~ (stealth).
   102 | D:1      | Reached skill level 4 in Axes
   396 | D:1      | 396 ||| DROPPING +0 club.
   509 | D:1      | Reached XP level 2. HP: 26/26 MP: 1/1
   543 | D:1      | Found a faded altar of an unknown god.
   746 | D:1      | 746 ||| UPGRADING to +0 leather armour.
   756 | D:1      | 756 ||| DROPPING +0 animal skin.
   757 | D:1      | 757 ||| UPGRADING to +0 ring mail.
   767 | D:1      | 767 ||| DROPPING +0 leather armour.
   768 | D:1      | 768 ||| READING 2 scrolls labelled ELOWKI KEUFF.
   771 | D:1      | 771 ||| READING scroll labelled JYSUSAHUSA.
   772 | D:1      | 772 ||| READING scroll labelled ADWIEM CAGO.
   773 | D:1      | 773 ||| READING scroll labelled ROKHLO GIVAD.
   923 | D:1      | 923 ||| READING scroll labelled SONUFO ZUKK.
  1193 | D:2      | 1193 ||| READING scroll labelled FUNNIG EMALODUWN.
  1281 | D:2      | 1281 ||| FLEEEEING.
  1282 | D:2      | 1282 ||| FLEEEEING.
  1283 | D:2      | 1283 ||| FLEEEEING.
  1284 | D:2      | 1284 ||| FLEEEEING.
  1285 | D:2      | 1285 ||| STAIRDANCE
  1303 | D:1      | 1303 ||| Stepping ~*~*~tactically~*~*~ (stealth).
  1449 | D:2      | Reached skill level 5 in Axes
  1463 | D:2      | 1463 ||| INVOKING Berserk.
  1710 | D:2      | Reached XP level 3. HP: 30/31 MP: 2/2
  1881 | D:2      | Found a broken altar of Ashenzari.
  2038 | D:2      | 2038 ||| READING scroll labelled HUSUMO TILAINK.
  2039 | D:2      | 2039 ||| READING scroll labelled RIT REVVEL.
  2040 | D:2      | 2040 ||| READING 2 scrolls labelled PUOBOSEORR.
  2041 | D:2      | 2041 ||| READING scroll of enchant weapon.
  2041 | D:2      | 2041 ||| ENCHANTING +1 hand axe.
  2042 | D:2      | 2042 ||| READING scroll of teleportation.
  2095 | D:3      | 2095 ||| Stepping ~*~*~tactically~*~*~ (hiding).
  2548 | D:3      | 2548 ||| Stepping ~*~*~tactically~*~*~ (stealth).
  2799 | D:3      | Reached ** piety under Trog
  2813 | D:3      | 2813 ||| Stepping ~*~*~tactically~*~*~ (stealth).
  2877 | D:3      | 2877 ||| Stepping ~*~*~tactically~*~*~ (hiding).
  3314 | D:3      | 3314 ||| UPGRADING to +0 chain mail.
  3324 | D:3      | 3324 ||| DROPPING +0 ring mail.
  3325 | D:3      | 3325 ||| UPGRADING to +0 pair of gloves.
  3330 | D:3      | 3330 ||| DROPPING amulet of faith.
  3331 | D:3      | 3331 ||| UPGRADING to ring of willpower.
  3332 | D:3      | 3332 ||| READING 2 scrolls of identify.
  3332 | D:3      | 3332 ||| IDENTIFYING black potion
  3488 | D:4      | Found a staircase to the Ecumenical Temple.
  3509 | D:4      | Reached XP level 4. HP: 39/39 MP: 3/3
  3562 | D:4      | Reached skill level 6 in Axes
  3628 | D:4      | Noticed Duvessa
  3629 | D:4      | Noticed Dowan
  3630 | D:4      | 3630 ||| Stepping ~*~*~tactically~*~*~ (stealth).
  3631 | D:4      | 3631 ||| INVOKING Berserk.
  3643 | D:4      | Killed Duvessa
  3644 | D:4      | Reached skill level 7 in Axes
  3644 | D:4      | Reached XP level 5. HP: 45/45 MP: 4/4
  3649 | D:4      | Killed Dowan
  3650 | D:4      | Reached XP level 6. HP: 53/53 MP: 5/5
  3820 | D:4      | Reached skill level 8 in Axes
  3959 | D:4      | Reached skill level 9 in Axes
  4097 | D:4      | Reached skill level 3 in Armour
  4241 | D:4      | Found a broken altar of Ashenzari.
  4269 | D:4      | Reached XP level 7. HP: 60/60 MP: 6/6
  4270 | D:4      | Noticed Robin
  4271 | D:4      | 4271 ||| INVOKING Berserk.
  4272 | D:4      | Killed Robin
  4520 | D:4      | 4520 ||| READING scroll labelled YSUKLO JISET.
  4521 | D:4      | 4521 ||| DRINKING 3 murky purple potions.
  4522 | D:4      | 4522 ||| DRINKING 3 murky silvery potions.
  4523 | D:4      | 4523 ||| DROPPING 2 potions of flight.
  4552 | D:5      | Entered Level 5 of the Dungeon
  4608 | D:5      | Reached *** piety under Trog
  4612 | D:5      | 4612 ||| Stepping ~*~*~tactically~*~*~ (stealth).
  4688 | D:5      | 4688 ||| Stepping ~*~*~tactically~*~*~ (hiding).
  4691 | D:5      | 4691 ||| Stepping ~*~*~tactically~*~*~ (hiding).
  4692 | D:5      | 4692 ||| Stepping ~*~*~tactically~*~*~ (hiding).
  4698 | D:5      | 4698 ||| INVOKING Berserk.
  4844 | D:5      | 4844 ||| DROPPING +0 mace.
  4876 | D:5      | Noticed a hornet
  4883 | D:5      | Paralysed by a hornet for 3 turns
  4887 | D:5      | 4887 ||| INVOKING Berserk.
  4887 | D:5      | HP: 16/91 [hornet (12)]
  4889 | D:5      | HP: 5/91 [hornet (8)]
  4890 | D:5      | Slain by a hornet

Levels and vault maps discovered:
D:1:      amcnicky_arrival_wind_blow, layout_basic,
          ebering_ecumenical_altar_abandoned
D:2:      layout_basic, basic_altar
D:3:      minmay_skewed_foursquare, layout_basic
D:4:      layout_loops_ring, mainiacjoe_overflow_six_doors_small,
          minmay_temple_entry_arrows, serial_undead, serial_undead_b,
          serial_undead_e, serial_undead_b, serial_undead_c, serial_undead_f,
          serial_undead_a, serial_undead_c, serial_undead_b, uniq_robin,
          uniq_duvessa
D:5:      layout_basic, chequers_jeans

Skill      XL: |  1  2  3  4  5  6  7 |
---------------+----------------------+-----
Axes           | 4 5 7 9 |  9.4
Fighting       | 4 5 |  5.3
Armour         | 3 |  3.1
Dodging        | |  2.1

Action                   |  1- 3 |  4- 6 |  7- 9 || total
-------------------------+-------+-------+-------++-------
Melee: Hand axe          |   106 |    90 |    37 ||   233
       Headbutt          |     9 |    19 |     4 ||    32
       Punch             |     1 |     2 |     2 ||     5
Throw: Boomerang         |       |       |     3 ||     3
Invok: Berserk           |     1 |     1 |     3 ||     5
  Use: Scroll            |    12 |       |     1 ||    13
       Potion            |       |       |     2 ||     2
Armor: Animal skin       |     2 |       |       ||     2
       Ring mail         |    17 |       |       ||    17
       Chain mail        |     2 |    23 |    18 ||    43
Dodge: Dodged            |    49 |    24 |     7 ||    80

Table legend:
 A = Non-vault XP
 B = Vault XP
 C = Vault XP percentage of total XP
 D = Non-vault monster count
 E = Vault monster count
 F = Vault count percentage of total count
                 A         B        C        D         E       F
            +---------+---------+-------+---------+---------+-------
      Total |     386 |     596 |  60.7 |      60 |      30 |  33.3
            +---------+---------+-------+---------+---------+-------
        D:1 |      23 |       0 |   0.0 |      12 |       0 |   0.0
        D:2 |      22 |       0 |   0.0 |      11 |       0 |   0.0
        D:3 |      33 |      12 |  26.7 |       9 |       8 |  47.1
        D:4 |      91 |     584 |  86.5 |      16 |      22 |  57.9
        D:5 |     217 |       0 |   0.0 |      12 |       0 |   0.0
            +---------+---------+-------+---------+---------+-------
